 Dungeon Crawl Stone Soup version 0.31.0 (webtiles) character file.

Game seed: 9639163657429666530

46 HakonGodeson the Chopper (level 3, 0/27 HPs)
             Began as a Human Gladiator on Jan 20, 2024.
             Killed by nerve-wracking pain
             ... invoked by an orc priest
              (3 damage)
             ... on level 3 of the Dungeon.
             The game lasted 00:01:28 (270 turns).

HakonGodeson the Chopper (Human Gladiator)           Turns: 270, Time: 00:01:28

Health: 0/27       AC:  5    Str: 14    XL:     3   Next: 68%
Magic:  3/3        EV: 13    Int: 10    God:
Gold:   33         SH:  0    Dex: 14    Spells: 2/2 levels left

rFire   . . .        a - +0 war axe
rCold   . . .        (no shield)
rNeg    . . .        b - +2 robe {Will+}
rPois   .            c - +0 helmet
rElec   .            (no cloak)
rCorr   .            (no gloves)
SInv    .            (no boots)
Will    +....        (no amulet)
Stlth   ++           (no ring)
HPRegen 0.24/turn    (no ring)
MPRegen 0.08/turn

%: no passive effects
@: no status effects
A: explore regen
a: no special abilities


You were on level 3 of the Dungeon.
You visited 1 branch of the dungeon, and saw 3 of its levels.

You collected 33 gold pieces.

Inventory:

Hand Weapons
 a - a +0 war axe (weapon)
Missiles
 d - a throwing net (quivered)
 e - a javelin
Armour
 b - a +2 robe of willpower (worn)
 c - a +0 helmet (worn)
 f - a +0 ring mail
Scrolls
 g - a scroll of identify {unknown}


   Skills:
 * Level 2.1 Fighting
 * Level 3.7 Axes
 * Level 2.2 Throwing
 * Level 0.6 Armour
 * Level 3.3 Dodging
 * Level 0.7 Stealth


You had 2 spell levels left.
You didn't know any spells.
Your spell library was empty.

Dungeon Overview and Level Annotations

Branches:
Dungeon (3/15)

Altars:
Nemelex Xobeh


Innate Abilities, Weirdness & Mutations

You regain HP and MP as you explore.


Message History

The orc priest looks satisfied for a moment.
You hear a shout!
You see here a scroll labelled SEORUA MOYRIO.
g - a scroll labelled SEORUA MOYRIO The orc priest mumbles some strange prayers to Beogh against you.
Beogh smites you!
You hit the orc.
The orc is almost dead.
The orc misses you. The orc hits you but does no damage.
The orc closely misses you.
You hit the orc but do no damage.
The orc is almost dead.
You hit the orc. The orc completely misses you.
The orc priest begins to cast a cantrip, but forgets the words!
The orc hits you with a +4 hand axe.
You slash the orc!
You kill the orc!
You slash the orc!
You kill the orc!
The orc priest invokes the aid of Beogh against you.
Beogh smites you!
* * * LOW HITPOINT WARNING * * *
Things that are here:
a +4 hand axe; a +0 leather armour Unknown command.
Throw: 3 throwing nets
Press: ? - help, Q - select action, (/) - cycle Shift-Dir - straight line, f - orc priest
Aim: an orc priest, wielding a +0 hand axe (57% to hit)
You throw a throwing net.
The throwing net closely misses the orc priest.
A ribbon worm comes into view.
Throw: 2 throwing nets
Press: ? - help, Q - select action, (/) - cycle Shift-Dir - straight line, f/p - orc priest
Aim: an orc priest, wielding a +0 hand axe (57% to hit)
You throw a throwing net. The throwing net hits the orc priest.
The orc priest is caught in the net!
The orc priest struggles against the net.
The orc priest invokes the aid of Beogh against you.
Pain shoots through your body!
You die...

#.# #..## #.#.# ...
#...## #.... ..# #....##
#...# #.#..#..8.##
##.8..#
#.#.##..)..#####.....###
.[# #.........)........
#.# ####.#.###....#####
#. #........)....... .
..........@.......
...^##.....).......
...... #####.o.......
...... #.....#### ......
#.....# #w....# ..(...#
#######


You could see a ribbon worm and an orc priest (caught).

Vanquished Creatures
  Jessica (D:2)
  3 orcs (D:3)
  An endoplasm (D:3)
  A giant cockroach (D:1)
  A goblin (D:3)
  2 hobgoblins
  2 kobolds
  4 ball pythons (D:1)
15 creatures vanquished.

Notes
Turn   | Place    | Note
-------+----------+-------------------------------------------
     0 | D:1      | HakonGodeson the Human Gladiator began the quest for the
                  | Orb.
     0 | D:1      | Reached XP level 1. HP: 16/16 MP: 1/1
   135 | D:1      | Reached XP level 2. HP: 22/22 MP: 2/2
   163 | D:2      | Found a sparkling altar of Nemelex Xobeh.
   163 | D:2      | Noticed Jessica
   178 | D:2      | Killed Jessica
   179 | D:2      | Reached XP level 3. HP: 15/27 MP: 3/3
   270 | D:3      | Killed from afar by an orc priest

Illustrated notes

Levels and vault maps discovered:
D:1:      dpeg_arrival_more_subterranean_lakeside_camping, layout_loops_ring,
          serial_shops, shop, hangedman_decor_growths
D:2:      layout_basic, basic_altar, hellmonk_ecumenical_altar_leap_of_faith,
          fountainhead, uniq_jessica
D:3:      layout_loops_cross, nicolae_overflow_ecumenical_swirl,
          gammafunk_ghost_nasty_kobolds, corexii_shack

Action                     || total
---------------------------++-------
  Melee: War axe           ||    43
  Throw: Throwing net      ||     2
   Stab: Sleeping          ||     1
 Armour: Ring mail         ||    25
         Leather armour    ||     1
         Robe              ||     4
  Dodge: Dodged            ||    37
